 Dungeon Crawl Stone Soup version 0.30-a0-371-gad7725a93e (webtiles) character file.

Game seed: 9064572904694247237

394 Twinkles the Sneak (level 6, 29/29 HPs)
             Began as a Felid Venom Mage on Oct 31, 2022.
             Was an Initiate of Gozag.
             Got out of the dungeon alive.
             The game lasted 00:45:44 (9602 turns).

Twinkles the Sneak (Felid Venom Mage)               Turns: 9602, Time: 00:45:45

Health: 29/29      AC:  2    Str:  4    XL:     6   Next: 51%
Magic:  12/12      EV: 24    Int: 19    God:    Gozag
Gold:   258        SH:  0    Dex: 16    Spells: 9/12 levels left
                                        Lives:  0   Deaths: 2

rFire   + . .      SeeInvis +    (weapon unavailable)
rCold   . . .      Faith    .    (shield unavailable)
rNeg    . . .      Spirit   .    (body armour unavailable)
rPois   .          Reflect  .    (helmet unavailable)
rElec   .          Harm     .    (cloak unavailable)
rCorr   .          Rampage  .    (gloves unavailable)
Will    .....                    (boots unavailable)
Stlth   ++++......               (no amulet)
HPRegen 0.24/turn                a - +4 ring of evasion
MPRegen 0.13/turn                d - ring of protection from fire

@: quick
A: very small, claws 1, fangs 3, see invisible, speed 1, shaggy fur 2, stealthy
paws, no weapons or thrown items, no armour, multi-lived
a: Renounce Religion, Potion Petition, Call Merchant, Bribe Branch


You escaped.
You worshipped Gozag.
Gozag was aware of your devotion.
You visited 2 branches of the dungeon, and saw 7 of its levels.

You collected 298 gold pieces.
You paid 40 gold pieces to Gozag.

Inventory:

Jewellery
 a - a +4 ring of evasion (left paw)
 d - a ring of protection from fire (right paw)
Wands
 q - a wand of flame (18)
Scrolls
 c - a scroll of blinking {unknown}
 e - 2 scrolls of noise {unknown}
 f - a scroll of enchant weapon {unknown}
 g - a scroll of vulnerability {unknown}
 h - a scroll of magic mapping {unknown}
 i - a scroll of silence {unknown}
 j - 2 scrolls of brand weapon {unknown}
 m - 2 scrolls of enchant armour
 o - 2 scrolls of immolation {unknown}
 Y - 3 scrolls of teleportation
 Z - a scroll of identify
Potions
 b - a potion of curing {unknown}
 k - a potion of flight {unknown}
 l - a potion of attraction {unknown}
 n - a potion of lignification {unknown}
 H - 2 potions of haste
 M - 3 potions of might
 N - 3 potions of heal wounds
 Q - 3 potions of magic
 U - 2 potions of mutation


   Skills:
 + Level 4.4 Fighting
 + Level 6.6 Dodging
 + Level 7.0 Stealth
 - Level 3.8 Spellcasting
 - Level 1.8 Transmutations
 - Level 3.1 Poison Magic


You had 9 spell levels left.
You knew the following spells:

 Your Spells              Type           Power      Damage    Failure   Level
a - Sting                 Tmut/Pois      52%        1d5       4%          1
b - Poisonous Vapours     Pois/Air       18%        N/A       11%         2

Your spell library contained the following spells:

 Spells                   Type           Power      Damage    Failure   Level
 Sandblast                Erth           6%         2d5       14%         1
 Passwall                 Tmut/Erth      5%         N/A       14%         2
 Mephitic Cloud           Conj/Pois/Air  7%         N/A       26%         3
 Olgreb's Toxic Radiance  Pois           15%        N/A       36%         4
 Stone Arrow              Conj/Erth      6%         3d7       38%         3
 Borgnjor's Vile Clutch   Necr/Erth      1%         N/A       98%         5
 Death Channel            Necr           1%         N/A       100%        6
 Lehudib's Crystal Spear  Conj/Erth      1%         10d2      100%        8
 Animate Armour           Summ/Erth      Unusable   N/A       N/A         4
 Animate Dead             Necr           Unusable   N/A       N/A         4

Dungeon Overview and Level Annotations

Branches:
Dungeon (6/15) Zot: 26869  Temple (1/1) D:4 Zot: 5774

Altars:
Ashenzari
Dithmenos
Fedhas
Gozag
Kikubaaqudgha
Makhleb
Nemelex Xobeh
Okawaru
Qazlal
Ru
Trog
Vehumet
Wu Jian
Yredelemnul
Zin
The Shining One

Annotations:
D:4 exclusions: adder and bullfrog


Innate Abilities, Weirdness & Mutations

You have sharp claws.
You have razor-sharp teeth.
You have supernaturally acute eyesight. (SInv)
You cover ground quickly. (Speed+)
You are covered in thick fur. (AC +2)
Your paws help you pounce on unaware monsters.
You are incapable of wielding weapons or throwing items.
You cannot wear armour.
You gain extra lives every three experience levels.


Message History

A necrophage comes into view.
There is an open door here.
Okay, then.
Unknown command.
Save game and exit?
Bad channel name for runrest: 'pray:' Welcome back, Twinkles the Felid Venom Mage.
Gozag says: Greed is good.
Press ? for a list of commands and other information.
You open the door.
Found a scroll labelled TAJANUELEW.
There is an open door here.
j - 2 scrolls labelled TAJANUELEW (gained 1)
There is an open door here.
There is a stone staircase leading up here.
You now have 258 gold pieces (gained 4).
You see here a +0 hand axe.
There is a stone staircase leading up here.
You climb upwards.
There is a stone staircase leading down here.
There is a stone staircase leading up here.
You climb upwards.
Level annotation: exclusions: adder and bullfrog
There is a stone staircase leading down here.
You see here a +0 club.
There is an open door here.
There is an escape hatch in the ceiling here.
A mysterious force pulls you upwards. The hatch slams shut behind you.
There is a stone staircase leading up here.
You climb upwards.
There is a stone staircase leading down here.
There is a stone staircase leading up here.
You climb upwards.
There is a stone staircase leading down here.
There is a large open door here.
You enter the shallow water.
Moving in this stuff is going to be slow.
There is a staircase leading out of the dungeon here.
Are you sure you want to leave the Dungeon?
This will make you lose the game!
You have escaped!

#######......#.#########
.........#####.........# ####
#######.## #####''###..# #... #.#
##~~.......8.# #... #.#
#~~..~~~~~~.## #### #.#
#~..~~...~~~# #
#.###~.~~..~..~~###########
#.>.#~.~~.~~~..~##.........
#####~.~~.@.~~.~##.########
#~..~~~.~~.~##.# #...
#~~..~..~~.~#..#####.##
#~~~...~~..~#........##
##.~~~~~~..~~#..........
##########.8.......~~##.###.....#
#...........###''######.# #....##
#.######.######..# #.# #####.#
#.# #.# #..## #.# ##.


There were no monsters in sight!

Vanquished Creatures
  Eustachio (D:4)
  A water moccasin (D:5)
  An ogre (D:4)
  A centaur (D:5)
  3 hounds
  An orc priest (D:5)
  6 iguanas
  Ijyb (D:4)
  3 orc wizards
  Robin (D:4)
  6 adders
  2 worms
  2 dart slugs
  24 orcs
  11 endoplasms
  2 giant cockroaches
  9 goblins
  14 hobgoblins
  4 jackals (D:1)
  6 kobolds
  A quokka (D:2)
  6 ball pythons
  5 bats (D:1)
  2 frilled lizards
  7 rats
120 creatures vanquished.

Notes
Turn   | Place    | Note
-------+----------+-------------------------------------------
     0 | D:1      | Twinkles the Felid Venom Mage began the quest for the Orb.
     0 | D:1      | Reached XP level 1. HP: 7/7 MP: 4/4
   218 | D:1      | Reached XP level 2. HP: 12/12 MP: 3/6
   365 | D:1      | Reached skill level 3 in Stealth
   447 | D:1      | Learned a level 2 spell: Poisonous Vapours
  1008 | D:1      | Reached skill level 1 in Fighting
  1044 | D:1      | Reached XP level 3. HP: 15/15 MP: 2/7
  1996 | D:2      | Identified the +9 hand axe of Wufim {vorpal, rPois rN+++
                  | MP+9 Dex-3}
  2554 | D:2      | Reached XP level 4. HP: 19/19 MP: 0/8
  4494 | D:4      | Noticed Ijyb
  4691 | D:4      | Noticed a bullfrog
  4719 | D:4      | Noticed Robin
  4788 | D:3      | HP: 5/19 [adder (1)]
  4816 | D:3      | HP: 4/19 [adder (3)]
  4951 | D:4      | Killed Robin
  4952 | D:4      | Reached skill level 4 in Stealth
  4952 | D:4      | Reached XP level 5. HP: 22/22 MP: 3/10
  5195 | D:4      | Noticed Eustachio
  5341 | D:4      | Killed Eustachio
  5342 | D:4      | Gained mutation: You are covered in thick fur. (AC +2)
                  | [Felid growth]
  5342 | D:4      | Reached XP level 6. HP: 27/27 MP: 3/11
  5460 | D:4      | Reached skill level 5 in Stealth
  5677 | D:4      | Paralysed by Ijyb for 5 turns
  5697 | D:4      | Paralysed by Ijyb for 3 turns
  5700 | D:4      | Killed Ijyb
  5861 | D:4      | Found a staircase to the Ecumenical Temple.
  5943 | Temple   | Entered the Ecumenical Temple
  6251 | D:1      | Upgraded the game from 0.30-a0-339-g89bb51ec76 to
                  | 0.30-a0-341-g682706514a
  6347 | Temple   | Became a worshipper of Ru the Awakened
  6519 | D:4      | Reached skill level 5 in Dodging
  6868 | D:5      | Entered Level 5 of the Dungeon
  6946 | D:5      | Shot with an arrow by a centaur
  6947 | D:5      | Reached XP level 5. HP: -2/24 MP: 4/11
  6950 | D:5      | Killed a centaur
  6951 | D:5      | Reached XP level 6. HP: 28/28 MP: 12/12
  7278 | D:5      | Found an opulent altar of Gozag.
  7308 | D:5      | Fell from the grace of Ru
  7308 | D:5      | Became a worshipper of Gozag Ym Sagoz the Greedy
  7547 | D:5      | Found a broken altar of Ashenzari.
  7579 | D:4      | Reached skill level 6 in Stealth
  7869 | D:5      | Found a burning altar of Makhleb.
  7942 | D:5      | Reached XP level 7. HP: 31/31 MP: 9/13
  8818 | D:5      | HP: 5/32 [water moccasin (6)]
  8822 | D:5      | HP: 2/32 [poisoned by a water moccasin]
  9192 | D:6      | Reached skill level 7 in Stealth
  9442 | D:6      | HP: 8/33 [centaur (2)]
  9445 | D:6      | Shot with an arrow by a centaur
  9446 | D:6      | Reached XP level 6. HP: -5/29 MP: 8/12
  9456 | D:6      | Upgraded the game from 0.30-a0-341-g682706514a to
                  | 0.30-a0-371-gad7725a93e
  9602 | D:$      | Got out of the dungeon alive.

Illustrated notes

Levels and vault maps discovered:
D:1:      psy_arrival_whirlpool, layout_loops_ring
D:2:      layout_loops_corners
D:3:      layout_rooms, st_stairs_11
D:4:      layout_basic, minmay_temple_entry_sparse_star, serial_park_tiny_pond,
          ebering_dispersal_statue_hall, uniq_ijyb, uniq_eustachio, uniq_robin
D:5:      layout_basic, mainiacjoe_overflow_concentric_impassable,
          mainiacjoe_overflow_small_starburst, marbit_many_paths,
          minmay_misc_feat_chi
D:6:      layout_gridville, hangedman_decor_peaks_small, minmay_checkerbox
Temple:   nicolae_temple_bog_church

Skill      XL: |  1  2  3  4  5  6  7 |
---------------+----------------------+-----
Dodging        | 3 4 6 |  6.6
Stealth        | 3 4 6 7 |  7.0
Fighting       | 1 2 3 4 |  4.4
Poison Magic   | 3 |  3.1
Spellcasting   | 3 |  3.8
Transmutations | |  1.8

Action                   |  1- 3 |  4- 6 |  7- 9 || total
-------------------------+-------+-------+-------++-------
Melee: Unarmed           |     5 |    32 |    40 ||    77
       Bite              |       |     2 |     5 ||     7
       Punch             |       |     1 |     1 ||     2
 Cast: Sting             |    24 |    46 |     5 ||    75
       Poisonous Vapours |    36 |    93 |    39 ||   168
Evoke: Wand              |       |     1 |     1 ||     2
  Use: Scroll            |       |     5 |       ||     5
 Stab: Sleeping          |     2 |     1 |       ||     3
       Paralysed         |       |       |     3 ||     3
       Distracted        |       |       |     1 ||     1
Armor: Skin              |     4 |     8 |     4 ||    16
Dodge: Dodged            |    37 |   114 |    71 ||   222

Table legend: (Time is in decaauts)
 A = Elapsed time spent in this place.
 B = Non-inter-level travel time spent in this place.
 C = Inter-level travel time spent in this place.
 D = Time resting spent in this place.
 E = Time spent auto-exploring this place.
 F = Levels seen in this place.
 G = Mean time per level.
                   A        B        C        D        E       F      G
               +--------+--------+--------+--------+--------+-----+--------+
         Total |   8341 |   7334 |   1007 |    836 |   4360 |   7 | 1191.6 |
       Dungeon |   8116 |   7173 |    943 |    836 |   4210 |   6 | 1352.7 |
        Temple |    225 |    161 |     64 |      0 |    149 |   1 |  225.0 |
               +--------+--------+--------+--------+--------+-----+--------+

Top non-repeatable levels by time:
     D:4: 2119 daAuts
     D:5: 1620 daAuts
     D:2: 1398 daAuts
     D:3: 1199 daAuts
     D:1: 1152 daAuts
     D:6: 624 daAuts
  Temple: 225 daAuts
